 Dungeon Crawl Stone Soup version 0.19.0-22-gd96e5fe (webtiles) character file.

294 MirrMurr the Chucker (level 6, -2/57 HPs)
             Began as a Troll Hunter on Nov 18, 2016.
             Was a Follower of Makhleb.
             Killed from afar by Sigmund (9 damage)
             ... with a puff of flame
             ... on level 4 of the Dungeon.
             The game lasted 00:15:37 (3948 turns).

MirrMurr the Chucker (Troll Hunter)                 Turns: 3948, Time: 00:15:37

Health: -2/57      AC:  6    Str: 21    XL:     6   Next: 11%
Magic:  5/5        EV:  7    Int:  9    God:    Makhleb [*.....]
Gold:   99         SH: 12    Dex: 12    Spells: 0 memorised, 5 levels left

rFire  . . .     SeeInvis .       - Unarmed
rCold  . . .     Gourm    +     b - +0 robe
rNeg   . . .     Faith    .     t - +0 shield
rPois  .         Spirit   .     (helmet restricted)
rElec  .         Reflect  .     o - +0 cloak
rCorr  .         Harm     .     (gloves unavailable)
MR     .....                    (boots unavailable)
Stlth  +.........               (no amulet)
                                (no ring)
                                (no ring)

@: very slightly contaminated
A: unfitting armour, claws 3, large bone plates 1, clever 1, fast metabolism 3,
gourmand, regeneration 1, shaggy fur 1, tough skin 2
a: Renounce Religion


You were on level 4 of the Dungeon.
You worshipped Makhleb.
Makhleb was aware of your devotion.
You were very full.

You visited 1 branch of the dungeon, and saw 4 of its levels.

You collected 99 gold pieces.

Inventory:

Missiles
 d - 2 throwing nets (quivered)
 e - 6 needles of sleeping
 n - 6 poisoned needles
Armour
 b - a +0 robe (worn)
 o - a +0 cloak (worn)
 t - a +0 shield (worn)
Jewellery
 p - a cursed ring of teleportation {unknown}
Scrolls
 m - a scroll of teleportation
 r - a scroll of remove curse
 w - a scroll of amnesia {unknown}
Potions
 a - a potion of haste {unknown}
 j - a potion of magic
 k - a potion of curing {unknown}
 l - a potion of mutation {unknown}
 q - a potion of brilliance {unknown}
 u - a potion of might {unknown}
 v - a potion of invisibility
Comestibles
 f - 3 bread rations
 g - 8 fruits
 h - a meat ration


   Skills:
 + Level 1.9 Fighting
 + Level 4.6 Throwing
 - Level 1.5 Dodging
 - Level 0.3 Stealth
 + Level 1.3 Shields
 * Level 4.4 Unarmed Combat


You had 5 spell levels left.
You didn't know any spells.

Dungeon Overview and Level Annotations

Branches:
Dungeon (4/15)
 Temple: D:4-7

Altars:
Cheibriados
Makhleb
Sif Muna
Xom

Annotations:
D:4 Sigmund


Innate Abilities, Weirdness & Mutations

You are too large for most types of armour.
You have claws for hands.
Your metabolism is lightning-fast.
You like to eat raw meat.
Your natural rate of healing is unusually fast.
You are covered in fur. (AC +1)
You have very tough skin. (AC +2)
You are partially covered in large bone plates. (SH +4)
Your mind is acute. (Int +2)


Message History

Something freezes you.
* * * LOW HITPOINT WARNING * * *
Unknown command.
You miss something.
You feel less confused.
You closely miss something. Something hits you but does no damage.
You miss something. Something hits you but does no damage.
You closely miss something. You miss something.
You hear some strange, mumbled words.
Something tries to affect you, but you resist.
You miss something. Something hits you!
* * * LOW HITPOINT WARNING * * *
Something freezes you.
* * * LOW HITPOINT WARNING * * *
You miss something.
You hear some strange, mumbled words.
A puff of flame appears from out of thin air!
The puff of flame hits you!
You die...

##.....###......##...............
###...##.....#...#.#.###........
##...#...#.###.....###.#..####
### #.#....##.# ####(..##.#.#####
..# #.#........####........(.....
..###.......................(..(.
..#........#....#...#...#.#......
........####.##{###.....#.#######
...##...###..##.@.###...#.#
..###.....................####
..###.....#####.#............#
..........## #.#...###..........
...##...#..# #.#...########.....
...#######.## #......# ##.@.
##..# #..###......# ... ##.#
##.#......### .. #.#
#####.....#..# .


There were no monsters in sight!

Vanquished Creatures
  4 orc priests
  2 orc wizards (D:3)
  5 adders
  An ooze (D:2)
  2 worms (D:3)
  11 orcs (D:3)
  3 giant cockroaches
  5 goblins
  6 hobgoblins
  2 jackals (D:2)
  7 kobolds
  2 quokkas
  3 ball pythons (D:1)
  7 bats
  A frilled lizard (D:1)
  7 rats
68 creatures vanquished.

Notes
Turn   | Place    | Note
-------+----------+-------------------------------------------
     0 | D:1      | MirrMurr the Troll Hunter began the quest for the Orb.
     0 | D:1      | Reached XP level 1. HP: 19/19 MP: 0/0
   226 | D:1      | Reached XP level 2. HP: 27/27 MP: 1/1
   988 | D:2      | Reached XP level 3. HP: 25/35 MP: 2/2
  1207 | D:2      | Reached skill level 1 in Unarmed Combat
  2057 | D:3      | Reached XP level 4. HP: 42/42 MP: 3/3
  2273 | D:3      | Found a deep blue altar of Sif Muna.
  2274 | D:3      | Found a burning altar of Makhleb.
  2274 | D:3      | Found a snail-covered altar of Cheibriados.
  2276 | D:3      | Found a shimmering altar of Xom.
  2281 | D:3      | Became a worshipper of Makhleb the Destroyer
  2616 | D:3      | Reached XP level 5. HP: 49/49 MP: 4/4
  3119 | D:3      | Reached skill level 1 in Shields
  3127 | D:3      | Reached * piety under Makhleb
  3651 | D:4      | Reached XP level 6. HP: 57/57 MP: 5/5
  3743 | D:4      | Found a burning altar of Makhleb.
  3743 | D:4      | Noticed a green death
  3746 | D:4      | Noticed a smoke demon
  3746 | D:4      | Noticed a smoke demon
  3878 | D:4      | Noticed Sigmund
  3929 | D:4      | Gained mutation: You are partially covered in large bone plates. (SH +4) [potion of beneficial mutation]
  3930 | D:4      | Gained mutation: Your mind is acute. (Int +2) [potion of beneficial mutation]
  3948 | D:4      | Killed from afar by Sigmund

Skill      XL: |  1  2  3  4  5 |
---------------+----------------+-----
Throwing       | 4 |  4.6
Unarmed Combat | 1 2 4 |  4.4
Shields        | 1 |  1.3
Fighting       | |  1.9
Dodging        | |  1.5
Stealth        | |  0.3

Action                   |  1- 3 |  4- 6 || total
-------------------------+-------+-------++-------
Melee: Unarmed           |   139 |   142 ||   281
Throw: Large rock        |       |     5 ||     5
  Use: Scroll            |     7 |     1 ||     8
       Potion            |       |     3 ||     3
 Stab: Distracted        |       |     1 ||     1
  Eat: Chunk             |    24 |    17 ||    41
Armor: Robe              |    43 |    32 ||    75
Dodge: Dodged            |    53 |    31 ||    84
Block: Shield            |    11 |    48 ||    59
